TOP OF THE 1ST |
Connetquot Chiefs batting - Pitching for Walla Walla Walleye : RHP Juan López
|
Pitching: RHP Juan López
|
|
Batting: RHB Juan Salinas
|
0-0: Called Strike 0-1: Ground out 5-3 (Groundball, 5)
|
Batting: SHB Antonio Vaccarini
|
0-0: Called Strike 0-1: Ball 1-1: Fly out, F5 (Popup, 5)
|
Batting: RHB Francisco García
|
0-0: Called Strike 0-1: Ball 1-1: Foul Ball, location: 2F 1-2: Ball 2-2: Ball 3-2: Base on Balls
|
Batting: RHB José Magana
|
0-0: Called Strike 0-1: Foul Ball, location: 2F 0-2: Ball 1-2: Ball 2-2: DOUBLE (Flyball, 89XD) Francisco García to third Francisco García scores
|
Batting: LHB Keith Alexander
|
0-0: Called Strike 0-1: TRIPLE (Line Drive, 7LS) José Magana scores
|
Batting: RHB Miguel Rodríguez
|
0-0: Called Strike 0-1: Ball 1-1: Foul Ball, location: 2F 1-2: Ball 2-2: Ball 3-2: Fly out, F9 (Flyball, 9S)
|
Top of the 1st over - 2 run(s), 2 hit(s), 0 error(s), 1 left on base; Connetquot 2 - Walla Walla 0 |
BOTTOM OF THE 1ST |
Walla Walla Walleye batting - Pitching for Connetquot Chiefs : RHP Ron Madison
|
Pitching: RHP Ron Madison
|
|
Batting: LHB César Muñóz
|
0-0: Bunted foul 0-1: Foul Ball, location: 2F 0-2: Foul Ball, location: 2F 0-2: Fly out, F2 (Popup, 2RF)
|
Batting: RHB Enrico Díaz
|
0-0: Called Strike 0-1: Ball 1-1: Ball 2-1: Ground out 6-3 (Groundball, 6M)
|
Batting: RHB Sake van Arem
|
0-0: Ball 1-0: Ball 2-0: Foul Ball, location: 2F 2-1: Ball 3-1: Base on Balls
|
Batting: RHB Tony Farquharson
|
0-0: Called Strike 0-1: Called Strike Sake van Arem is caught stealing 2nd base
|
Bottom of the 1st over - 0 run(s), 0 hit(s), 0 error(s), 0 left on base; Connetquot 2 - Walla Walla 0 |
TOP OF THE 2ND |
Connetquot Chiefs batting - Pitching for Walla Walla Walleye : RHP Juan López
|
Batting: SHB Jesús Rodríguez
|
0-0: Called Strike 0-1: Ground out U3 (Groundball, 3S)
|
Batting: RHB Fred Burt
|
0-0: Fly out, F6 (Popup, 6D)
|
Batting: RHB Lúcio Marín
|
0-0: Ball 1-0: Swinging Strike 1-1: Ball 2-1: Swinging Strike 2-2: Strikes out looking
|
Top of the 2nd over - 0 run(s), 0 hit(s), 0 error(s), 0 left on base; Connetquot 2 - Walla Walla 0 |
BOTTOM OF THE 2ND |
Walla Walla Walleye batting - Pitching for Connetquot Chiefs : RHP Ron Madison
|
Batting: RHB Tony Farquharson
|
0-0: Ground out 6-3 (Groundball, 6)
|
Batting: LHB Wilson Horton
|
0-0: Ball 1-0: Swinging Strike 1-1: Ball 2-1: Swinging Strike 2-2: Ball 3-2: TRIPLE (Flyball, 9M)
|
Batting: RHB Emílio Ortíz
|
0-0: Ball 1-0: Fly out, F9 (Flyball, 9D) Runner from 3rd tags up, SCORES, throw made
|
Batting: RHB Sergio Cortéz
|
0-0: Called Strike 0-1: Swinging Strike 0-2: Ball 1-2: Ball 2-2: Foul Ball, location: 2F 2-2: Foul Ball, location: 2F 2-2: Foul Ball, location: 2F 2-2: Ball 3-2: Base on Balls
|
Batting: LHB Eugene Henson
|
0-0: Ball 1-0: Ball 2-0: Ground out 4-3 (Groundball, 4)
|
Bottom of the 2nd over - 1 run(s), 1 hit(s), 0 error(s), 1 left on base; Connetquot 2 - Walla Walla 1 |
TOP OF THE 3RD |
Connetquot Chiefs batting - Pitching for Walla Walla Walleye : RHP Juan López
|
Batting: RHB Juan Salinas
|
0-0: Bunt for hit - play at first, batter OUT! 1-3
|
Batting: SHB Antonio Vaccarini
|
0-0: Called Strike 0-1: Ball 1-1: Ball 2-1: Called Strike 2-2: Ball 3-2: Fly out, F8 (Flyball, 8RM)
|
Batting: RHB Francisco García
|
0-0: Ball 1-0: Foul Ball, location: 2F 1-1: Ball 2-1: Ball 3-1: Base on Balls
|
Batting: RHB José Magana
|
0-0: Foul Ball, location: 2F 0-1: Ground out 6-3 (Groundball, 6)
|
Top of the 3rd over - 0 run(s), 0 hit(s), 0 error(s), 1 left on base; Connetquot 2 - Walla Walla 1 |
BOTTOM OF THE 3RD |
Walla Walla Walleye batting - Pitching for Connetquot Chiefs : RHP Ron Madison
|
Batting: RHB Hieu De
|
0-0: Ball 1-0: Called Strike 1-1: Called Strike 1-2: Strikes out swinging
|
Batting: LHB César Muñóz
|
0-0: Foul Ball, location: 2F 0-1: Ball 1-1: Ball 2-1: Swinging Strike 2-2: Strikes out swinging
|
Batting: RHB Enrico Díaz
|
0-0: Called Strike 0-1: Ball 1-1: Ball 2-1: SINGLE (Groundball, 56D)
|
Batting: RHB Sake van Arem
|
0-0: Ball 1-0: Fielders Choice at 2nd, U4 (Groundball, 4M)
|
Bottom of the 3rd over - 0 run(s), 1 hit(s), 0 error(s), 1 left on base; Connetquot 2 - Walla Walla 1 |
TOP OF THE 4TH |
Connetquot Chiefs batting - Pitching for Walla Walla Walleye : RHP Juan López
|
Batting: LHB Keith Alexander
|
0-0: SINGLE (Groundball, 34D)
|
Batting: RHB Miguel Rodríguez
|
0-0: Ball 1-0: Ball 2-0: Called Strike 2-1: SINGLE (Line Drive, 89S) Keith Alexander to second
|
Batting: SHB Jesús Rodríguez
|
0-0: Foul Ball, location: 2F 0-1: Ball 1-1: Foul Ball, location: 2F 1-2: Ball 2-2: Foul Ball, location: 2F 2-2: Strikes out swinging
|
Batting: RHB Fred Burt
|
0-0: Called Strike 0-1: Foul Ball, location: 2F 0-2: Ball 1-2: Strikes out swinging
|
Batting: RHB Lúcio Marín
|
0-0: Ball 1-0: Swinging Strike 1-1: Swinging Strike 1-2: Strikes out swinging
|
Top of the 4th over - 0 run(s), 2 hit(s), 0 error(s), 2 left on base; Connetquot 2 - Walla Walla 1 |
BOTTOM OF THE 4TH |
Walla Walla Walleye batting - Pitching for Connetquot Chiefs : RHP Ron Madison
|
Batting: RHB Tony Farquharson
|
0-0: Ground out 2-3 (Groundball, 23)
|
Batting: LHB Wilson Horton
|
0-0: SINGLE (Flyball, 8RS)
|
Batting: RHB Emílio Ortíz
|
0-0: Ball 1-0: Grounds into double play, 6-4-3 (Groundball, 6M)
|
Bottom of the 4th over - 0 run(s), 1 hit(s), 0 error(s), 0 left on base; Connetquot 2 - Walla Walla 1 |
TOP OF THE 5TH |
Connetquot Chiefs batting - Pitching for Walla Walla Walleye : RHP Juan López
|
Batting: RHB Juan Salinas
|
0-0: Ball 1-0: SINGLE (Line Drive, 56)
|
Batting: SHB Antonio Vaccarini
|
0-0: Ball Juan Salinas is caught stealing 2nd base 1-0: Ball 2-0: Called Strike 2-1: Foul Ball, location: 2F 2-2: Ball 3-2: Foul Ball, location: 2F 3-2: Strikes out swinging
|
Batting: RHB Francisco García
|
0-0: Ball 1-0: Ball 2-0: Foul Ball, location: 2F 2-1: Ball 3-1: Foul Ball, location: 2F 3-2: Strikes out looking
|
Top of the 5th over - 0 run(s), 1 hit(s), 0 error(s), 0 left on base; Connetquot 2 - Walla Walla 1 |
BOTTOM OF THE 5TH |
Walla Walla Walleye batting - Pitching for Connetquot Chiefs : RHP Ron Madison
|
Batting: RHB Sergio Cortéz
|
0-0: Ground out 5-3 (Groundball, 5S)
|
Batting: LHB Eugene Henson
|
0-0: Ball 1-0: Ground out 6-3 (Groundball, 6)
|
Batting: RHB Hieu De
|
0-0: Ball 1-0: Fly out, F9 (Line Drive, 9S)
|
Bottom of the 5th over - 0 run(s), 0 hit(s), 0 error(s), 0 left on base; Connetquot 2 - Walla Walla 1 |
TOP OF THE 6TH |
Connetquot Chiefs batting - Pitching for Walla Walla Walleye : RHP Juan López
|
Batting: RHB José Magana
|
0-0: Ball 1-0: Foul Ball, location: 2F 1-1: Foul Ball, location: 2F 1-2: Strikes out swinging
|
Batting: LHB Keith Alexander
|
0-0: Called Strike 0-1: Ball 1-1: SINGLE (Groundball, 34D)
|
Batting: RHB Miguel Rodríguez
|
0-0: DOUBLE (Line Drive, 89M) Keith Alexander to third
|
Batting: SHB Jesús Rodríguez
|
0-0: Called Strike 0-1: Ball 1-1: Swinging Strike 1-2: Ball 2-2: Strikes out looking
|
Batting: RHB Fred Burt
|
0-0: Called Strike 0-1: Called Strike 0-2: Foul Ball, location: 2F 0-2: Ball 1-2: Fly out, F9 (Flyball, 89M)
|
Top of the 6th over - 0 run(s), 2 hit(s), 0 error(s), 2 left on base; Connetquot 2 - Walla Walla 1 |
BOTTOM OF THE 6TH |
Walla Walla Walleye batting - Pitching for Connetquot Chiefs : RHP Ron Madison
|
Batting: LHB César Muñóz
|
0-0: Fly out, F8 (Popup, 6MD)
|
Batting: RHB Enrico Díaz
|
0-0: Ball 1-0: Ball 2-0: Foul Ball, location: 2F 2-1: Ball 3-1: Called Strike 3-2: Fly out, F7 (Flyball, 78M)
|
Batting: RHB Sake van Arem
|
0-0: Ball 1-0: Ball 2-0: Called Strike 2-1: Called Strike 2-2: SINGLE (Flyball, 8RS)
|
Batting: RHB Tony Farquharson
|
0-0: Called Strike 0-1: Ball 1-1: Foul Ball, location: 2F 1-2: Ball 2-2: Ball Throwing error on steal attempt, E2 Sake van Arem to third 3-2: DOUBLE (Flyball, 9M) Sake van Arem scores
|
Batting: LHB Wilson Horton
|
0-0: Called Strike 0-1: SINGLE (Groundball, 4MD) Tony Farquharson to third
|
Batting: RHB Emílio Ortíz
|
0-0: Ball 1-0: Fly out, F4 (Popup, 3D)
|
Bottom of the 6th over - 1 run(s), 3 hit(s), 1 error(s), 2 left on base; Connetquot 2 - Walla Walla 2 |
TOP OF THE 7TH |
Connetquot Chiefs batting - Pitching for Walla Walla Walleye : RHP Juan López
|
Pinch Hitting: SHB Jim Unknown
|
0-0: Ball 1-0: Ball 2-0: Called Strike 2-1: Fly out, F7 (Popup, 7LSF)
|
Pitching: RHP Jorge Rosales
|
|
Batting: RHB Juan Salinas
|
0-0: Ball 1-0: Ball 2-0: Ball 3-0: Called Strike 3-1: Fly out, F8 (Flyball, 8LM)
|
Batting: SHB Antonio Vaccarini
|
0-0: Called Strike 0-1: Foul Ball, location: 2F 0-2: Ball 1-2: Strikes out swinging
|
Top of the 7th over - 0 run(s), 0 hit(s), 0 error(s), 0 left on base; Connetquot 2 - Walla Walla 2 |
BOTTOM OF THE 7TH |
Walla Walla Walleye batting - Pitching for Connetquot Chiefs : RHP Ron Madison
|
Now at 2B: Jim Unknown
|
|
Pinch Hitting: RHB Dustin O'Quinlevan
|
0-0: Called Strike 0-1: Ball 1-1: Ball 2-1: Foul Ball, location: 2F 2-2: Strikes out swinging
|
Batting: LHB Eugene Henson
|
0-0: Ground out 6-3 (Groundball, 6)
|
Pinch Hitting: LHB José Ríos
|
0-0: Fly out, F7 (Flyball, 7LM)
|
Bottom of the 7th over - 0 run(s), 0 hit(s), 0 error(s), 0 left on base; Connetquot 2 - Walla Walla 2 |
TOP OF THE 8TH |
Connetquot Chiefs batting - Pitching for Walla Walla Walleye : RHP Jorge Rosales
|
Now at 1B: Luis Campos
|
|
Now in LF: José Ríos
|
|
Batting: RHB Francisco García
|
0-0: Foul Ball, location: 2F 0-1: Ball 1-1: SINGLE (Line Drive, 6MD)
|
Batting: RHB José Magana
|
0-0: Ball 1-0: Foul Ball, location: 2F 1-1: SINGLE (Groundball, 6MD) Francisco García to second
|
Batting: LHB Keith Alexander
|
0-0: Fly out, F6 (Popup, 56D)
|
Batting: RHB Miguel Rodríguez
|
0-0: Ball 1-0: Fly out, F8 (Flyball, 8LM)
|
Pinch Hitting: RHB Bernaldyn Berbedo
|
0-0: Ground out 5-3 (Groundball, 5L)
|
Top of the 8th over - 0 run(s), 2 hit(s), 0 error(s), 2 left on base; Connetquot 2 - Walla Walla 2 |
BOTTOM OF THE 8TH |
Walla Walla Walleye batting - Pitching for Connetquot Chiefs : RHP Ron Madison
|
Now at C: Bernaldyn Berbedo
|
|
Batting: LHB César Muñóz
|
0-0: Swinging Strike 0-1: Called Strike 0-2: Ball 1-2: Strikes out looking
|
Pinch Hitting: RHB Jorge Díaz
|
0-0: Ground out 6-3 (Groundball, 6M)
|
Batting: RHB Sake van Arem
|
0-0: Fly out, F6 (Popup, 5F)
|
Bottom of the 8th over - 0 run(s), 0 hit(s), 0 error(s), 0 left on base; Connetquot 2 - Walla Walla 2 |
TOP OF THE 9TH |
Connetquot Chiefs batting - Pitching for Walla Walla Walleye : RHP Jorge Rosales
|
Pitching: LHP José Tovar
|
|
Now in LF: Jorge Díaz
|
|
Batting: RHB Fred Burt
|
0-0: Ball 1-0: Ground out 5-3 (Groundball, 5S)
|
Batting: RHB Jim Unknown
|
0-0: Foul Ball, location: 2F 0-1: Ball 1-1: Fly out, F7 (Flyball, 78S)
|
Batting: RHB Juan Salinas
|
0-0: Ball 1-0: Ball 2-0: Foul Ball, location: 2F 2-1: Foul Ball, location: 2F 2-2: Fly out, F9 (Flyball, 89M)
|
Top of the 9th over - 0 run(s), 0 hit(s), 0 error(s), 0 left on base; Connetquot 2 - Walla Walla 2 |
BOTTOM OF THE 9TH |
Walla Walla Walleye batting - Pitching for Connetquot Chiefs : RHP Ron Madison
|
Batting: RHB Tony Farquharson
|
0-0: Fly out, F6 (Line Drive, 6)
|
Batting: LHB Wilson Horton
|
0-0: Swinging Strike 0-1: Ball 1-1: Ground out 4-3 (Groundball, 34)
|
Batting: RHB Emílio Ortíz
|
0-0: Swinging Strike 0-1: Foul Ball, location: 2F 0-2: Reached on error, E5 (Groundball, 56)
|
Pitching: RHP Jim Unknown
|
|
Pinch Hitting: LHB Miguel Zúñiga
|
0-0: Intentional Walk
|
Batting: LHB Eugene Henson
|
0-0: Ball 1-0: Foul Ball, location: 2F 1-1: Ball 2-1: Ground out 6-3 (Groundball, 6)
|
Bottom of the 9th over - 0 run(s), 0 hit(s), 1 error(s), 2 left on base; Connetquot 2 - Walla Walla 2 |
TOP OF THE 10TH |
Connetquot Chiefs batting - Pitching for Walla Walla Walleye : LHP José Tovar
|
Now at C: Miguel Zúñiga
|
|
Batting: SHB Antonio Vaccarini
|
0-0: Ball 1-0: Ball 2-0: Ground out 6-3 (Groundball, 6)
|
Batting: RHB Francisco García
|
0-0: Swinging Strike 0-1: Ball 1-1: Ground out 6-3 (Groundball, 6M)
|
Batting: RHB José Magana
|
0-0: Ball 1-0: Fly out, F9 (Flyball, 9LM)
|
Top of the 10th over - 0 run(s), 0 hit(s), 0 error(s), 0 left on base; Connetquot 2 - Walla Walla 2 |
BOTTOM OF THE 10TH |
Walla Walla Walleye batting - Pitching for Connetquot Chiefs : RHP Jim Unknown
|
Batting: LHB José Ríos
|
0-0: Ball 1-0: Called Strike 1-1: Ball 2-1: Fly out, F8 (Line Drive, 8RS)
|
Batting: LHB César Muñóz
|
0-0: Called Strike 0-1: Ball 1-1: Called Strike 1-2: Foul Ball, location: 2F 1-2: Strikes out looking
|
Batting: RHB Jorge Díaz
|
0-0: Ball 1-0: Ground out 6-3 (Groundball, 56)
|
Bottom of the 10th over - 0 run(s), 0 hit(s), 0 error(s), 0 left on base; Connetquot 2 - Walla Walla 2 |
TOP OF THE 11TH |
Connetquot Chiefs batting - Pitching for Walla Walla Walleye : LHP José Tovar
|
Pitching: LHP Jesús Rosales
|
|
Batting: LHB Keith Alexander
|
0-0: Ball 1-0: Foul Ball, location: 2F 1-1: SINGLE (Groundball, 4MD)
|
Batting: RHB Miguel Rodríguez
|
0-0: Ball 1-0: Foul Ball, location: 2F 1-1: Sac Bunt - play at first, batter OUT! 3-4 Keith Alexander to second
|
Batting: RHB Bernaldyn Berbedo
|
0-0: Intentional Walk
|
Batting: RHB Fred Burt
|
0-0: Ball 1-0: Ball 2-0: Foul Ball, location: 2F 2-1: Ball 3-1: Called Strike 3-2: Foul Ball, location: 2F 3-2: Reached on error, E5 (Groundball, 5S) Keith Alexander to third Bernaldyn Berbedo to second
|
Batting: RHB Jim Unknown
|
0-0: Foul Ball, location: 2F 0-1: Ball 1-1: Ball 2-1: Ball 3-1: Called Strike 3-2: Base on Balls Keith Alexander scores Bernaldyn Berbedo to third Fred Burt to second
|
Batting: RHB Juan Salinas
|
0-0: Ball 1-0: Called Strike 1-1: Ball 2-1: Foul Ball, location: 2F 2-2: Ball 3-2: Base on Balls Bernaldyn Berbedo scores Fred Burt to third Jim Unknown to second
|
Batting: SHB Antonio Vaccarini
|
0-0: Ball 1-0: Fielders Choice at 3rd, U5 (Groundball, 5L) Fred Burt scores Juan Salinas to second
|
Pitching: LHP Cisco Hernández
|
|
Batting: RHB Francisco García
|
0-0: Foul Ball, location: 2F 0-1: Foul Ball, location: 2F 0-2: Ball 1-2: Foul Ball, location: 2F 1-2: Ball 2-2: Ground out 1-3 (Groundball, 15)
|
Top of the 11th over - 3 run(s), 1 hit(s), 1 error(s), 2 left on base; Connetquot 5 - Walla Walla 2 |
BOTTOM OF THE 11TH |
Walla Walla Walleye batting - Pitching for Connetquot Chiefs : RHP Jim Unknown
|
Batting: RHB Sake van Arem
|
0-0: SINGLE (Line Drive, 7LS)
|
Batting: RHB Tony Farquharson
|
0-0: Ball 1-0: DOUBLE (Flyball, 78M) Sake van Arem to third
|
Batting: LHB Wilson Horton
|
0-0: Ball 1-0: Foul Ball, location: 2F 1-1: Ball 2-1: Foul Ball, location: 2F 2-2: Ball 3-2: Strikes out swinging
|
Batting: RHB Emílio Ortíz
|
0-0: Swinging Strike 0-1: Swinging Strike 0-2: Ball 1-2: Ball 2-2: Strikes out looking
|
Pitching: RHP Mark Bell
|
|
Batting: LHB Miguel Zúñiga
|
0-0: Ball 1-0: Ground out U3 (Groundball, 3S)
|
Bottom of the 11th over - 0 run(s), 2 hit(s), 0 error(s), 2 left on base; Connetquot 5 - Walla Walla 2 |
|